 Dungeon Crawl Stone Soup version 0.29.0-11-gd7f09526c8 (webtiles) character file.

Game seed: 13160616274005060078

5056 concernfroge the Fighter (level 10, 0/85 HPs)
             Began as a Mummy Monk on Sept 4, 2022.
             Was a Priest of Cheibriados.
             Slain by a yak (9 damage)
             ... on level 9 of the Dungeon.
             The game lasted 00:32:21 (10437 turns).

concernfroge the Fighter (Mummy Monk)              Turns: 10437, Time: 00:32:22

Health: 0/85       AC: 12    Str: 24    XL:     10   Next: 31%
Magic:  8/13       EV:  9    Int: 17    God:    Cheibriados [***...]
Gold:   65         SH:  0    Dex: 20    Spells: 9/9 levels left

rFire   . . .      SeeInvis .   t - +5 halberd (elec)
rCold   + . .      Faith    .   (shield currently unavailable)
rNeg    + + +      Spirit   .   f - +0 chain mail
rPois   ∞          Reflect  .   (no helmet)
rElec   .          Harm     .   s - +0 cloak
rCorr   .          Rampage  .   c - +2 pair of gloves
Will    ++...                   (no boots)
Stlth   ..........              (no amulet)
HPRegen 0.24/turn               j - ring of willpower
MPRegen 0.13/turn               k - ring of protection from fire

@: silenced, very slow
A: cold resistance 1, negative energy resistance 3, torment resistance 2, heat
vulnerability 1, in touch with death 1, no potions
a: Renounce Religion


You were on level 9 of the Dungeon.
You worshipped Cheibriados.
Cheibriados was most pleased with you.
You visited 2 branches of the dungeon, and saw 10 of its levels.

You collected 368 gold pieces.
You spent 303 gold pieces at shops.

Inventory:

Hand Weapons
 t - a +5 halberd of electrocution (weapon)
Missiles
 q - 8 boomerangs (quivered)
Armour
 c - a +2 pair of gloves (worn)
 f - a +0 chain mail (worn)
 s - a +0 cloak (worn)
Jewellery
 j - a ring of willpower (left hand)
 k - a ring of protection from fire (right hand)
 l - a ring of fire
Wands
 r - a wand of mindburst (5)
 x - a wand of polymorph (3)
Scrolls
 a - 2 scrolls of identify
 b - a scroll of magic mapping
 d - a scroll of enchant weapon
 e - 3 scrolls of acquirement
 g - a scroll of butterflies
 h - 2 scrolls of blinking
 m - 2 scrolls of enchant armour
 n - 2 scrolls of noise
 o - a scroll of poison
 p - a scroll of fear
 w - a scroll of amnesia


   Skills:
 - Level 10.0 Fighting
 + Level 9.7 Polearms
 - Level 1.0 Throwing
 - Level 2.4 Dodging
 - Level 1.5 Stealth
 - Level 4.0 Invocations


You had 9 spell levels left.
You didn't know any spells.
Your spell library contained the following spells:

 Spells                   Type           Power      Damage    Failure   Level
 Shock                    Conj/Air       0%         1d3       90%         1
 Slow                     Hex            0%         N/A       90%         1
 Blink                    Tloc           0%         N/A       97%         2
 Scorch                   Fire           0%         2d5       97%         2
 Confusing Touch          Hex            0%         N/A       99%         3
 Inner Flame              Hex/Fire       0%         N/A       99%         3
 Lesser Beckoning         Tloc           0%         N/A       99%         3
 Portal Projectile        Hex/Tloc       0%         N/A       99%         3
 Swiftness                Air            0%         N/A       99%         3
 Tukima's Dance           Hex            0%         N/A       99%         3
 Vampiric Draining        Necr           0%         2d6       99%         3
 Airstrike                Air            0%         2d(0-16)  100%        4
 Cause Fear               Hex            0%         N/A       100%        4
 Flame Wave               Conj/Fire      0%         2d4       100%        4
 Passage of Golubria      Tloc           0%         N/A       100%        4
 Manifold Assault         Tloc           0%         N/A       100%        5
 Silence                  Hex/Air        0%         N/A       100%        5
 Summon Cactus Giant      Summ           0%         N/A       100%        6
 Discord                  Hex            0%         N/A       100%        8
 Lehudib's Crystal Spear  Conj/Erth      0%         10d2      100%        8
 Blade Hands              Tmut           Unusable   N/A       N/A         5

Dungeon Overview and Level Annotations

Branches:
Dungeon (9/15)             Temple (1/1) D:6
   Lair: D:8-11         Orc: D:9-12

Altars:
Ashenzari
Cheibriados
Dithmenos
Fedhas
Kikubaaqudgha
Makhleb
Nemelex Xobeh
Qazlal
Sif Muna
Trog
Uskayaw
Vehumet
Xom
Yredelemnul

Shops:
D:2 !   D:4 :   D:7 ?   D:9 *


Innate Abilities, Weirdness & Mutations

You are immune to poison.
Your flesh is cold resistant. (rC+)
You are immune to negative energy. (rN+++)
You are immune to unholy pain and torment.
You are vulnerable to heat. (rF-)
You are in touch with the powers of death.
You do not drink.


Message History

Maggie hits you with a +0 glaive. The yak gores you. The yak barely misses you.
Maggie mumbles some strange words.
Maggie attempts to bespell you! You resist with almost no effort.
The flow of time bends around you.
The yak resists with some effort.
Cheibriados rebukes Maggie.
Maggie seems to slow down.
The yak gores you but does no damage. Maggie hits you with a +0 glaive.
As you read the scroll of silence, it crumbles to dust.
A profound silence engulfs you. The yak gores you!
You hit Maggie. Lightning courses through Maggie!
Maggie is moderately wounded.
Maggie hits you with a +0 glaive! The yak gores you!
You slash Maggie! Lightning courses through Maggie!
Maggie is severely wounded.
The yak gores you!
* * * LOW HITPOINT WARNING * * *
Maggie completely misses you.
You barely miss Maggie.
Maggie is severely wounded.
The yak gores you but does no damage. x2
You slash Maggie!
Maggie is almost dead.
Maggie hits you with a +0 glaive.
* * * LOW HITPOINT WARNING * * *
The yak barely misses you. The yak gores you.
* * * LOW HITPOINT WARNING * * *
You closely miss Maggie.
Maggie is almost dead.
The yak gores you!
* * * LOW HITPOINT WARNING * * *
The yak gores you but does no damage. Maggie hits you but does no damage.
You closely miss Maggie.
Maggie is almost dead.
Maggie is no longer moving slowly.
The yak gores you but does no damage. x2
Maggie barely misses you.
You slice Maggie!!
You kill Maggie!
Cheibriados appreciates the change of pace.
The yak gores you but does no damage. The yak gores you!
You die...

.....#..Y#..........,#..#
....##Y..#..@.......,#..#
....#.Y..'..........,#..#
....#,,,.#.......#####..#
....#,,,,*,,,,,,,#......#
....#,,,,+,,,,,,,#......#####
....#,,,,*,,,,,,,#..........#
....#,,,.#########..........#
....#,,,........@)......[..##
,,,,*,,,........YY.........#
**+**,,,.....###############
,,,,,,,,....,* ******,,...,,*
*,,..,,,* ***#*****


You could see 2 yaks.

Vanquished Creatures
  2 skeletal warriors (D:9)
  Maggie (D:9)
  A troll (D:9)
  A wyvern (D:6)
  A wraith (D:9)
  7 yaks
  A water moccasin (D:9)
  3 orc warriors
  2 sky beasts (D:8)
  A black bear (D:4)
  6 centaurs
  A kobold brigand (D:9)
  A gnoll sergeant (D:6)
  A necrophage (D:5)
  9 wights
  5 howler monkeys
  3 hounds
  An orc priest (D:9)
  An orc wizard (D:8)
  5 iguanas
  3 gnolls (D:6)
  6 adders
  A white imp (D:5)
  2 worms
  2 dart slugs
  16 orcs
  6 endoplasms
  3 giant cockroaches
  9 goblins
  5 hobgoblins
  A quokka (D:2)
  5 ball pythons
  2 bats
  3 frilled lizards
  15 kobolds
  7 rats
139 creatures vanquished.

Notes
Turn   | Place    | Note
-------+----------+-------------------------------------------
     0 | D:1      | concernfroge the Mummy Monk began the quest for the Orb.
     0 | D:1      | Reached XP level 1. HP: 18/18 MP: 1/1
   372 | D:1      | Reached XP level 2. HP: 24/24 MP: 2/2
   773 | D:2      | Reached skill level 4 in Fighting
   969 | D:2      | Found Xialanefebb's Distillery.
   994 | D:2      | Gained mutation: You are in touch with the powers of death.
                  | [Mummy growth]
   994 | D:2      | Reached XP level 3. HP: 30/30 MP: 3/3
  1256 | D:2      | Found a faded altar of an unknown god.
  2011 | D:3      | Reached XP level 4. HP: 38/38 MP: 4/4
  2056 | D:3      | Reached skill level 5 in Fighting
  2419 | D:4      | Found a radiant altar of Vehumet.
  2727 | D:4      | Noticed a black bear
  2734 | D:4      | Killed a black bear
  2735 | D:4      | Reached skill level 6 in Fighting
  2735 | D:4      | Reached XP level 5. HP: 46/46 MP: 5/5
  2807 | D:4      | Found a bloodstained altar of Trog.
  2988 | D:4      | Found Rextest's Book Shop.
  3486 | D:4      | Identified 3 scrolls of acquirement
  3523 | D:5      | Entered Level 5 of the Dungeon
  3621 | D:5      | Reached XP level 6. HP: 53/53 MP: 6/6
  3866 | D:5      | Reached skill level 7 in Fighting
  5186 | D:6      | Reached skill level 8 in Fighting
  5195 | D:6      | Reached XP level 7. HP: 35/62 MP: 7/7
  5426 | D:6      | Found a staircase to the Ecumenical Temple.
  5435 | Temple   | Entered the Ecumenical Temple
  5544 | D:6      | Noticed a wyvern
  5551 | D:6      | Killed a wyvern
  5552 | D:6      | Reached skill level 9 in Fighting
  6087 | D:6      | Reached XP level 8. HP: 64/72 MP: 8/8
  6099 | D:6      | Reached skill level 10 in Fighting
  6099 | D:6      | Reached skill level 1 in Throwing
  6437 | Temple   | Became a worshipper of Cheibriados the Contemplative
  6437 | Temple   | Reached * piety under Cheibriados
  6437 | Temple   | Reached ** piety under Cheibriados
  6472 | D:7      | Found Boaffear's Magic Scroll Emporium.
  6481 | D:7      | Bought a scroll of poison for 48 gold pieces
  6481 | D:7      | Bought a scroll of identify for 24 gold pieces
  6503 | D:7      | Noticed a six-headed hydra
  6597 | D:8      | Reached skill level 1 in Invocations
  7611 | D:8      | Reached XP level 9. HP: 16/78 MP: 12/12
  7968 | D:9      | Reached skill level 5 in Polearms
  8397 | D:9      | Found a flagged portal.
  8932 | D:9      | Noticed a skeletal warrior
  8940 | D:9      | Noticed a skeletal warrior
  9136 | D:9      | Noticed a troll
  9143 | D:9      | Killed a troll
  9388 | D:9      | Reached *** piety under Cheibriados
  9505 | D:9      | Noticed a skeletal warrior
  9506 | D:9      | Noticed a skeletal warrior
  9520 | D:9      | Killed a skeletal warrior
  9521 | D:9      | Reached XP level 10. HP: 56/85 MP: 10/13
  9669 | D:9      | Noticed a skeletal warrior
  9683 | D:9      | Killed a skeletal warrior
 10043 | D:9      | Found Lokife's Assorted Antiques.
 10049 | D:9      | Bought a scroll labelled QEOTOA SIMN for 33 gold pieces
 10049 | D:9      | Bought a scroll of identify for 66 gold pieces
 10049 | D:9      | Bought a lead wand for 132 gold pieces
 10387 | D:9      | Noticed Maggie
 10437 | D:9      | Killed Maggie
 10437 | D:9      | Slain by a yak

Illustrated notes

Levels and vault maps discovered:
D:1:      lemuel_arrival_muddy, layout_basic, roderic_lattice_a
D:2:      layout_basic, dreamdust_ecumenical_altar_angels_and_demons,
          serial_shops, nicolae_shop_waterfront, minivault_25, minmay_between
D:3:      wad_pebble_path, layout_loops_cross, tso_metal_star
D:4:      layout_cave_pods, mainiacjoe_overflow_catch_the_wave, serial_shops,
          shop
D:5:      minmay_spotlight, layout_layer_cave
D:6:      layout_rooms, minmay_temple_entry_mini_moons, corexii_corridor_pit
D:7:      minmay_klotski, layout_loops_ring, okawaru_humans,
          grunt_temple_overflow_open, serial_shops, nicolae_stop_n_shop_1,
          uniq_duvessa
D:8:      layout_basic, chequers_avenue, minivault_21
D:9:      nicolae_whirlpool, layout_irregular_city, serial_shops,
          nicolae_shop_trees, enter_bailey_5, uniq_maggie
Temple:   eino_temple_lava

Skill      XL: |  1  2  3  4  5  6  7  8  9 10 |
---------------+-------------------------------+-----
Fighting       | 4 6 8 9 10 | 10.0
Throwing       | 1 |  1.0
Invocations    | 4 |  4.0
Polearms       | 4 8 9 |  9.7
Dodging        | |  2.4
Stealth        | |  1.5

Action                   |  1- 3 |  4- 6 |  7- 9 | 10-12 || total
-------------------------+-------+-------+-------+-------++-------
Melee: Spear             |   141 |    12 |       |       ||   153
       Punch             |     2 |     1 |       |       ||     3
       War axe           |       |   117 |    39 |       ||   156
       Halberd           |       |       |   141 |    33 ||   174
Throw: Boomerang         |       |     3 |    27 |     9 ||    39
       Dart              |       |     2 |     3 |     7 ||    12
Invok: Bend Time         |       |       |     4 |     3 ||     7
Evoke: Wand              |       |       |    12 |       ||    12
  Use: Scroll            |       |     9 |    11 |     5 ||    25
 Stab: Sleeping          |     2 |       |       |       ||     2
Armor: Robe              |     4 |       |       |       ||     4
       Chain mail        |    44 |    82 |   126 |    17 ||   269
Dodge: Dodged            |    41 |    59 |    97 |    18 ||   215
